 Dungeon Crawl Stone Soup version 0.27.0-1-g7a089689b8 (webtiles) character file.

Game seed: 17890675871798483119

4547 avis the Cleaver (level 10, -7/81 HPs)
             Began as a Hill Orc Monk on Aug 11, 2021.
             Was an Elder of Beogh.
             Mangled by a seven-headed hydra (8 damage)
             ... on level 1 of the Lair of Beasts.
             The game lasted 00:42:48 (10296 turns).

avis the Cleaver (Hill Orc Monk)                   Turns: 10296, Time: 00:42:50

Health: -7/81      AC: 15    Str: 24    XL:     10   Next: 40%
Magic:  10/16      EV:  7    Int: 14    God:    Beogh [****..]
Gold:   346        SH:  8    Dex: 16    Spells: 9/9 levels left

rFire    . . .     SeeInvis .   w - +5 flail
rCold    + . .     Faith    .   I - +0 kite shield
rNeg     . . .     Spirit   .   R - +0 chain mail
rPois    .         Reflect  .   (no helmet)
rElec    .         Harm     .   t - scarf {repulsion}
rCorr    .         Rampage  .   i - +2 pair of gloves
Will     .....                  Q - +1 pair of boots of the Fiend {rC+ Int+4 Dex+3}
Stlth    ..........             (no amulet)
HPRegen  0.23/turn              A - +6 ring of strength
MPRegen  0.15/turn              e - ring of wizardry

@: repel missiles
A: no striking features
a: Renounce Religion, Smiting, Recall Orcish Followers


You were on level 1 of the Lair of Beasts.
You worshipped Beogh.
Beogh was greatly pleased with you.
You visited 3 branches of the dungeon, and saw 10 of its levels.

You collected 346 gold pieces.

Inventory:

Hand Weapons
 a - the +7 war axe of Valiance {venom, rElec rC+}
   (You found it on level 7 of the Dungeon)

   It poisons the flesh of those it strikes.
   rC:        It protects you from cold.
   rElec:     It insulates you from electricity.
 b - a +0 hunting sling
 w - a +5 flail (weapon)
Missiles
 f - 241 stones
 m - 63 poisoned darts (quivered)
 p - 5 boomerangs
 C - a throwing net
 M - 5 boomerangs of dispersal
 N - 10 sling bullets
 S - 5 curare-tipped darts
Armour
 i - a +2 pair of gloves (worn)
 t - a scarf of repulsion (worn)
 I - a +0 kite shield (worn)
 Q - the +1 pair of boots of the Fiend (worn) {rC+ Int+4 Dex+3}
   (You found it on level 8 of the Dungeon)

   Int:       It affects your intelligence (+4).
   Dex:       It affects your dexterity (+3).
   rC:        It protects you from cold.
 R - a +0 chain mail (worn)
Jewellery
 e - a ring of wizardry (right hand)
 A - a +6 ring of strength (left hand)
Wands
 v - a wand of acid (6)
 T - a wand of iceblast (8)
Scrolls
 j - 4 scrolls of teleportation {unknown}
 l - 2 scrolls of immolation {unknown}
 o - 6 scrolls of fear {unknown}
 r - a scroll of fog {unknown}
 u - a scroll of amnesia {unknown}
 D - a scroll of enchant weapon {unknown}
 F - a scroll of vulnerability {unknown}
 H - a scroll of torment {unknown}
 L - 2 scrolls of blinking {unknown}
 U - a scroll of noise {unknown}
Potions
 c - a potion of magic {unknown}
 d - 2 potions of resistance
 g - 3 potions of flight
 h - 3 potions of curing
 n - a potion of attraction {unknown}
 s - a potion of haste {unknown}
 x - a potion of might {unknown}
 z - a potion of invisibility {unknown}
 E - a potion of mutation {unknown}
 K - a potion of heal wounds
 P - a potion of lignification {unknown}


   Skills:
 - Level 5.0 Fighting
 * Level 14.0 Axes
 - Level 5.0 Armour
 + Level 4.7 Dodging
 - Level 1.5 Stealth
 + Level 9.0 Invocations


You had 9 spell levels left.
You didn't know any spells.
Your spell library contained the following spells:

 Spells                   Type           Power      Damage    Failure   Level
 Blink                    Tloc           N/A        N/A       100%        2
 Lesser Beckoning         Tloc           0%         N/A       100%        3
 Ozocubu's Armour         Ice            0%         N/A       100%        3
 Manifold Assault         Tloc           0%         N/A       100%        5
 Metabolic Englaciation   Hex/Ice        0%         N/A       100%        5
 Simulacrum               Ice/Necr       0%         N/A       100%        6


Dungeon Overview and Level Annotations

Branches:
Dungeon (8/15)             Temple (1/1) D:6            Lair (1/6) D:8

Altars:
Ashenzari
Elyvilon
Sif Muna
Wu Jian
Xom

Annotations:
Lair:1 Joseph


Message History

The seven-headed hydra bites you but does no damage.
The seven-headed hydra bites you.
The seven-headed hydra bites you but does no damage.
The blink frog blinks!
Your orc priest misses the blink frog.
Your orc priest hits the blink frog with a +0 hand axe.
Your orc warrior hits the blink frog with a +0 long sword!
The blink frog hits your orc priest but does no damage.
The blink frog hits your orc warrior.
Herok looks satisfied for a moment.
Joseph sighs, "Being a guard is usually so boring..."
You block the polar bear's attack.
The polar bear claws you but does no damage.
The polar bear claws you.
The blink frog blinks!
The seven-headed hydra bites you but does no damage. x2
The seven-headed hydra bites you.
* * * LOW HITPOINT WARNING * * *
The seven-headed hydra bites you.
* * * LOW HITPOINT WARNING * * *
The seven-headed hydra bites you but does no damage. x2
The seven-headed hydra barely misses you.
Aiming: Smiting
Press: ? - help, Dir - move target, f/p - seven-headed hydra Smite: a seven-headed hydra (heavily wounded)
You smite the seven-headed hydra!
The seven-headed hydra is severely wounded.
The blink frog blinks! x2
Your orc priest invokes the aid of Beogh against something.
You block the polar bear's attack. The polar bear barely misses you.
The polar bear claws you but does no damage.
The blink frog hits your orc warrior!
The blink frog blinks!
The seven-headed hydra closely misses you.
The seven-headed hydra bites you!
* * * LOW HITPOINT WARNING * * *
The seven-headed hydra barely misses you.
The seven-headed hydra bites you!
* * * LOW HITPOINT WARNING * * *
The seven-headed hydra bites you but does no damage.
You block the seven-headed hydra's attack.
The seven-headed hydra bites you!
You die...

.. #. ... #.##..
... #..... ....
..SS.. .....
.....@.####.?.
#... .F.F...
..... #§hD#
.....##o@†## .
......#§.o..#..©
......§o........
...P#....#####.#
.##.###...#
.?........## ..
.....#.(>..## ..#
.......<....#....
.................


You could see a seven-headed hydra (ally target), Joseph, a polar bear, a blink
frog, 2 water moccasins, a bullfrog, a friendly orc warrior, a friendly orc
priest and the friendly Herok the orc priest.

Vanquished Creatures
  A cyclops (D:8)
  A kobold demonologist (D:8)
  A komodo dragon (D:8)
  2 yaks (D:8)
  2 water moccasins
  A hornet zombie (D:8)
  A black bear (Lair:1)
  3 ice beasts
  A necrophage (D:8)
  An ogre (D:5)
  A centaur (D:5)
  A phantom (D:5)
  10 kobold brigands
  A gnoll sergeant (D:8)
  2 bullfrogs
  5 killer bees (D:8)
  6 wights
  3 howler monkeys (D:7)
  2 centaur zombies (D:7)
  2 bullfrog zombies
  A hound (D:4)
  A centaur skeleton (D:7)
  An orc priest (D:7)
  An iguana (D:5)
  4 orc wizards
  3 gnolls
  6 adders
  A white imp (D:7)
  An ufetubus (D:5)
  An adder skeleton (D:4)
  2 worms (D:2)
  5 dart slugs
  14 orcs
  8 ball pythons
  6 endoplasms
  3 giant cockroaches
  3 goblins
  8 hobgoblins
  6 jackals
  3 quokkas
  2 bats (D:1)
  A frilled lizard (D:3)
  22 kobolds
  4 rats
154 creatures vanquished.

Vanquished Creatures (collateral kills)
  2 yaks (D:8)
  A sky beast (D:7)
  A necrophage (D:7)
  3 bullfrogs
  A centaur zombie (D:8)
  An orc wizard (D:7)
  A gnoll (D:8)
  A white imp (D:7)
  An orc (D:7)
  A kobold (D:8)
13 creatures vanquished.

Vanquished Creatures (others)
  3 orc wizards (D:7)
  11 orcs
  A goblin (D:3)
  44 plants
59 creatures vanquished.

Grand Total: 226 creatures vanquished

Notes
Turn   | Place    | Note
-------+----------+-------------------------------------------
     0 | D:1      | avis the Hill Orc Monk began the quest for the Orb.
     0 | D:1      | Reached XP level 1. HP: 19/19 MP: 1/1
   407 | D:1      | Reached XP level 2. HP: 18/26 MP: 2/2
   710 | D:1      | Reached skill level 5 in Axes
  1061 | D:1      | Reached XP level 3. HP: 17/31 MP: 3/3
  1903 | D:2      | HP: 1/31 [worm (9)]
  2421 | D:2      | Reached skill level 6 in Axes
  2923 | D:2      | Found a faded altar of an unknown god.
  3380 | D:3      | Became a worshipper of Beogh the Brigand
  3380 | D:3      | Reached * piety under Beogh
  3380 | D:3      | Reached ** piety under Beogh
  3574 | D:3      | Reached XP level 4. HP: 30/39 MP: 4/4
  3735 | D:3      | You fall into a shaft and drop 1 floor!
  3747 | D:4      | Reached skill level 7 in Axes
  3977 | D:3      | Reached XP level 5. HP: 46/46 MP: 5/5
  4438 | D:4      | Reached skill level 1 in Invocations
  4461 | D:4      | Found a white marble altar of Elyvilon.
  4988 | D:5      | Entered Level 5 of the Dungeon
  5260 | D:5      | Reached XP level 6. HP: 22/52 MP: 7/7
  5261 | D:5      | Reached skill level 8 in Axes
  5591 | D:5      | HP: 2/51 [wight (18)]
  5803 | D:5      | Reached *** piety under Beogh
  5849 | D:5      | Reached XP level 7. HP: 43/60 MP: 9/9
  6023 | D:5      | Reached skill level 5 in Fighting
  6023 | D:5      | Reached skill level 9 in Axes
  6970 | D:6      | Reached skill level 1 in Armour
  7064 | D:6      | Found a shimmering blue altar of Sif Muna.
  7092 | D:6      | Reached skill level 10 in Axes
  7092 | D:6      | Reached XP level 8. HP: 55/68 MP: 11/11
  7226 | D:6      | Found a staircase to the Ecumenical Temple.
  7271 | D:6      | Found a broken altar of Ashenzari.
  7425 | D:6      | Reached skill level 5 in Invocations
  7833 | Temple   | Entered the Ecumenical Temple
  8175 | D:7      | Gained Herok as an ally
  8186 | D:7      | Reached skill level 11 in Axes
  8481 | D:7      | Reached skill level 5 in Armour
  8481 | D:7      | Reached XP level 9. HP: 56/74 MP: 13/13
  8814 | D:7      | Identified the +7 war axe of Valiance {venom, rElec rC+}
  9059 | D:8      | Noticed a kobold demonologist
  9066 | D:8      | Noticed a red devil
  9071 | D:8      | Killed a kobold demonologist
  9072 | D:8      | Reached skill level 12 in Axes
  9081 | D:8      | Reached **** piety under Beogh
  9245 | D:8      | Reached skill level 13 in Axes
  9412 | D:8      | Reached XP level 10. HP: 81/81 MP: 16/16
  9541 | D:8      | Found a staircase to the Lair.
  9662 | D:8      | Noticed a cyclops
  9665 | D:8      | Killed a cyclops
 10011 | D:8      | Identified the +1 pair of boots of the Fiend {rC+ Int+4
                  | Dex+3}
 10261 | Lair:1   | Entered Level 1 of the Lair of Beasts
 10269 | Lair:1   | Reached skill level 14 in Axes
 10288 | Lair:1   | Noticed a seven-headed hydra
 10292 | Lair:1   | Noticed Joseph
 10296 | Lair:1   | HP: 1/81 [seven-headed hydra (9)]
 10296 | Lair:1   | Mangled by a seven-headed hydra

Illustrated notes

Levels and vault maps discovered:
D:1:      shiori_arrival_maze, layout_basic
D:2:      layout_basic, shapermc_ecumenical_altar_flowoftime,
          minmay_tree_intersection, kennysheep_generic_room_9
D:3:      kennysheep_big_flooded_room, layout_basic
D:4:      layout_basic, elyvilon_altar_4, minmay_misc_feat_plants, st_stairs_12
D:5:      layout_loops_ring, minivault_23
D:6:      layout_cave_pools, old_standard_altar, ashenzari_conservatory_becter,
          minmay_temple_entry_tees, serial_rivers,
          chequers_serial_rivers_micro_b, chequers_serial_rivers_small_a,
          chequers_serial_rivers_micro_b, chequers_serial_rivers_large_b,
          chequers_serial_rivers_small_3, chequers_serial_rivers_small_b
D:7:      layout_basic
D:8:      layout_loops_ring, david_lair_shrubbed, special_room
          [special_room_kobold], serial_bayou_pond_d
Temple:   compressed_dpeg_circular_temple
Lair:1:   layout_misc_corridors, nzn_ghost_randoct, hangedman_tree_tricks,
          uniq_joseph

Skill      XL: |  1  2  3  4  5  6  7  8  9 10 |
---------------+-------------------------------+-----
Axes           | 5 6 7 8 10 11 13 14 | 14.0
Invocations    | 2 3 4 6 8 9 |  9.0
Fighting       | 4 5 |  5.0
Armour         | 2 5 |  5.0
Dodging        | 4 |  4.7
Stealth        | |  1.5

Action                   |  1- 3 |  4- 6 |  7- 9 | 10-12 || total
-------------------------+-------+-------+-------+-------++-------
Melee: Hand axe          |   162 |   106 |   112 |       ||   380
       Whip              |       |    56 |    68 |       ||   124
       War axe           |       |       |    59 |    39 ||    98
       Flail             |       |       |       |     1 ||     1
Throw: Dart              |       |     6 |       |       ||     6
       Boomerang         |       |     4 |       |       ||     4
Invok: Convert to Beogh  |     1 |       |       |       ||     1
       Smiting           |       |       |       |     3 ||     3
  Use: Scroll            |       |     4 |     1 |     1 ||     6
       Potion            |       |     2 |     1 |       ||     3
 Stab: Sleeping          |     5 |     2 |       |       ||     7
Armor: Robe              |    11 |       |       |       ||    11
       Ring mail         |    18 |    34 |       |       ||    52
       Scale mail        |       |     7 |    31 |       ||    38
       Chain mail        |       |       |    72 |    33 ||   105
Dodge: Dodged            |    80 |    82 |    84 |    13 ||   259
Block: Kite shield       |       |       |       |    22 ||    22
